 Dungeon Crawl Stone Soup version bcrawl-1.23.3-19-gdc5968f444 (webtiles) character file.

Game seed: 15871152714972430042

99 Freyura the Skirmisher (level 4, -8/29 HPs)
             Began as a Gargoyle Fighter on June 10, 2020.
             Mangled by a gnoll
             ... wielding a +0 halberd
              (9 damage)
             ... on level 3 of the Dungeon.
             The game lasted 00:03:55 (1607 turns).

Freyura the Skirmisher (Gargoyle Fighter)           Turns: 1607, Time: 00:03:56

Health: -8/29      AC: 13    Str: 19    XL:     4   Next: 72%
Magic:  4/4        EV: 11    Int:  9    God:
Gold:   110        SH: 10    Dex: 19    Spells: 3/3 levels left

rFire    x . .     SeeInvis .   a - +0 flail
rCold    + . .     Gourm    .   c - +0 medium shield
rNeg     + . .     Faith    .   b - +0 scale mail
rPois    ∞         Spirit   .   (no helmet)
rElec    +         Reflect  .   s - +1 cloak
rCorr    .         Harm     .   i - +0 pair of gloves
MR       .....                  (no boots)
Stlth    ..........             (no amulet)
HPRegen  0.09/turn              j - ring of flight
MPRegen  0.09/turn              m - ring "Bietwoth" {Ice rPois Dex+4 Stlth-}

@: agile, swift, flying, quick
A: negative energy resistance 1, electricity resistance, unbreathing,
petrification resistance, rot immunity, AC +3
a: no special abilities


You were on level 3 of the Dungeon.
You were hungry.

You visited 1 branch of the dungeon, and saw 3 of its levels.

You collected 110 gold pieces.

Inventory:

Hand Weapons
 a - a +0 flail (weapon)
Armour
 b - a +0 scale mail (worn)
 c - a +0 medium shield (worn)
 i - a +0 pair of gloves (worn)
 s - a +1 cloak (worn)
Jewellery
 j - a ring of flight (left hand)
 m - the ring "Bietwoth" (right hand) {Ice rPois Dex+4 Stlth-}
   (You found it on level 2 of the Dungeon)

   [ring of ice]

   It enhances your ice magic.
   It affects your dexterity (+4).
   It makes you vulnerable to fire.
   It protects you from cold.
   It protects you from poison.
   It makes you less stealthy.
 q - an uncursed ring of stealth {unknown}
Scrolls
 k - a scroll of amnesia
Potions
 h - a potion of resistance {unknown}
 n - a potion of berserk rage {unknown}
 r - a potion of heal wounds {unknown}
Comestibles
 e - 5 rations {!d}
 t - 2 chunks of flesh


   Skills:
 + Level 3.8 Fighting
 * Level 3.2 Maces & Flails
 + Level 3.7 Armour
 + Level 1.1 Dodging
 + Level 3.8 Shields


You had 3 spell levels left.
You didn't know any spells.
Your spell library was empty.

Dungeon Overview and Level Annotations

Branches:
Dungeon (3/12)

Altars:
Okawaru

Annotations:
D:3 Terence


Innate Abilities, Weirdness & Mutations

You are resistant to torment.
Your stone body is resilient. (AC +3)
You are immune to poison.
You resist negative energy. (rN+)
You are resistant to electric shocks. (rElec)
You can survive without breathing.
You are immune to petrification.
You are immune to rotting.


Message History

You feel agile all of a sudden. The orc hits you but does no damage.
The gnoll hits you but does no damage.
You hit the orc but do no damage. The orc barely misses you.
The gnoll barely misses you. The orc closely misses you.
Your shield prevents you from hitting the orc.
The gnoll closely misses you. You block the orc's attack.
You hit the orc.
The orc is severely wounded.
The gnoll hits you from afar with a +0 halberd.
* * * LOW HITPOINT WARNING * * *
You block the orc's attack.
You hit the orc.
You kill the orc!
You block the gnoll's attack. The gnoll hits you but does no damage.
Terence hits you but does no damage.
You sock Terence!
Terence is heavily wounded.
You block Terence's attack.
The gnoll hits you from afar with a +0 halberd!
You die...

.?..# ....# .......
....# ...(... ....#
...$.<. ....# .......
....# ....... .o..#
.......## @gg.#
....$!..# ..###
.......@# ..#
##'####@#
.o#########+#o.go#
#.........o.gg#.g....#
.>........o...#......#
..............#......+
..........<...#......#
.......######........#
######.# ####...###


You could see Terence, 2 gnolls and an orc.

Vanquished Creatures
  Crazy Yiuf (D:2)
  A gnoll (D:3)
  An adder (D:3)
  3 dart slugs
  3 leopard geckos
  3 orcs (D:3)
  5 bats
  A giant cockroach (D:1)
  5 goblins
  6 hobgoblins
  3 jackals (D:1)
  A frilled lizard (D:1)
  3 kobolds
  3 rats
39 creatures vanquished.

Notes
Turn   | Place    | Note
-------+----------+-------------------------------------------
     0 | D:1      | Freyura the Gargoyle Fighter began the quest for the Orb.
     0 | D:1      | Reached XP level 1. HP: 14/14 MP: 1/1
   203 | D:1      | Reached XP level 2. HP: 19/19 MP: 2/2
   676 | D:1      | Reached XP level 3. HP: 20/23 MP: 3/3
   831 | D:2      | Got a coiled tin ring
   832 | D:2      | Identified the ring "Bietwoth" {Ice rPois Dex+4 Stlth-}
                  | (You found it on level 2 of the Dungeon)
   892 | D:2      | Found an iron altar of Okawaru.
  1216 | D:2      | Found a runed door.
  1432 | D:2      | Noticed Crazy Yiuf
  1438 | D:2      | Killed Crazy Yiuf
  1438 | D:2      | Reached skill level 1 in Dodging
  1438 | D:2      | Reached XP level 4. HP: 21/29 MP: 4/4
  1562 | D:3      | Noticed Terence
  1595 | D:3      | HP: 1/29 [gnoll/+0 halberd (11)]
  1605 | D:3      | HP: 1/29 [gnoll/+0 halberd (4)]
  1607 | D:3      | Mangled by a gnoll

Skill      XL: |  1  2  3 |
---------------+----------+-----
Maces & Flails | 3 |  3.2
Dodging        | 1 |  1.1
Fighting       | |  3.8
Armour         | |  3.7
Shields        | |  3.8

Action                   |  1- 3 |  4- 6 || total
-------------------------+-------+-------++-------
Melee: Flail             |   132 |    16 ||   148
  Use: Potion            |     1 |     3 ||     4
       Scroll            |       |     4 ||     4
  Eat: Chunk             |     2 |       ||     2
Armor: Scale mail        |    73 |    20 ||    93
Dodge: Dodged            |    22 |    15 ||    37
Block: Medium shield     |    56 |    21 ||    77
